 Dungeon Crawl Stone Soup version 0.21-a0-143-g1ab7d47 (webtiles) character file.

125 Dipster the Vexing (level 5, 0/41 HPs)
             Began as a Gnoll Arcane Marksman on July 25, 2017.
             Slain by an adder (3 damage)
             ... on level 2 of the Dungeon.
             The game lasted 00:06:28 (3719 turns).

Dipster the Vexing (Gnoll Arcane Marksman)          Turns: 3719, Time: 00:06:29

Health: 0/41       AC:  3    Str:  7    XL:     5   Next: 9%
Magic:  9/9        EV: 12    Int:  7    God:
Gold:   114        SH:  0    Dex:  7    Spells: 2/9 levels left

rFire    . . .     SeeInvis .   l - +0 spear
rCold    . . .     Gourm    .   (no shield)
rNeg     . . .     Faith    .   c - +0 leather armour
rPois    .         Spirit   .   (no helmet)
rElec    .         Reflect  .   (no cloak)
rCorr    .         Harm     .   (no gloves)
MR       .....                  (no boots)
Stlth    +.........             (no amulet)
HPRegen  0.13/turn              (no ring)
MPRegen  0.11/turn              (no ring)

@: lethally poisoned (0 -> -3), berserk cooldown
A: unchanging attributes, fangs 1, strong nose
a: no special abilities


You were on level 2 of the Dungeon.
You were not hungry.

You visited 1 branch of the dungeon, and saw 3 of its levels.

You collected 114 gold pieces.

Inventory:

Hand Weapons
 l - a +0 spear (weapon)
Missiles
 d - 2 throwing nets
 e - 73 stones (quivered)
 j - 6 tomahawks
 m - 16 poisoned needles
Armour
 a - a +0 robe
 c - a +0 leather armour (worn)
Scrolls
 n - a scroll of fog {unknown}
 o - 3 scrolls of remove curse {unknown}
 q - a scroll of blinking {unknown}
 t - 2 scrolls of teleportation
Potions
 h - a potion of brilliance
 r - a potion of degeneration
Books
 b - a book of Debilitation

   Spells                             Type                      Level
   a - Corona                         Hexes                        1
   b - Slow                           Hexes                        2
   c - Inner Flame                    Hexes/Fire                   3
   d - Portal Projectile              Hexes/Translocation          3
   e - Cause Fear                     Hexes                        4
   f - Leda's Liquefaction            Hexes/Earth                  4
Comestibles
 f - 2 bread rations
 i - a royal jelly
 p - 3 meat rations


   Skills:
 - Level 3.1 Fighting
 * Level 2.2 Polearms
 - Level 3.5 Throwing
 - Level 3.8 Dodging
 - Level 2.7 Spellcasting
 - Level 4.5 Hexes


You had 2 spell levels left.
You knew the following spells:

 Your Spells              Type           Power        Failure   Level  Hunger
a - Corona                Hex            #......      9%          1    ##.....
b - Slow                  Hex            #.......     13%         2    ###....
c - Cause Fear            Hex            #.........   63%         4    #####..


Dungeon Overview and Level Annotations

Branches:
Dungeon (3/15)

Altars:
Gozag
Vehumet


Innate Abilities, Weirdness & Mutations

Your physical attributes are unchanging.
You have very sharp teeth.
Your uncanny sense of smell can sniff out nearby items.


Message History

You closely miss the adder. You bite the adder, but do no damage.
The adder is heavily wounded.
You feel sick. The adder closely misses you.
You miss the adder.
The adder is heavily wounded.
The adder barely misses you. The adder bites you.
* * * LOW HITPOINT WARNING * * *
You are lethally poisoned!
The adder poisons you!
You miss the adder.
The adder is heavily wounded.
The adder misses you.
You miss the adder.
The adder is heavily wounded.
* * * LOW HITPOINT WARNING * * *
You feel sick. The adder barely misses you.
You closely miss the adder.
The adder is heavily wounded.
The adder bites you.
You die...

#.##### ################.#....
#................#.###
######'##############'#'###
#...............(.......<.#
#.........................'
###.........................#
#......>.######...(.........#
#.#########.@S.....(.........
#...........#.#####...#.#####
#...........#.# #...#.# #
#...........#)#####...#.# #
#.#########.#)#.......#.#####
#.#########.#.#......##......
#...........#.#......##......
##############.###.....#......
#.###......#.....#.....#......


You could see an adder.

Vanquished Creatures
  An orc priest (D:2)
  5 adders
  A worm (D:2)
  A dart slug (D:2)
  4 leopard geckos
  An orc (D:2)
  5 goblins (D:2)
  6 hobgoblins
  2 jackals (D:2)
  7 kobolds
  A ball python (D:2)
  2 bats
  7 rats
43 creatures vanquished.

Notes
Turn   | Place    | Note
-------+----------+-------------------------------------------
     0 | D:1      | Dipster the Gnoll Arcane Marksman began the quest for the Orb.
     0 | D:1      | Reached XP level 1. HP: 15/15 MP: 3/3
   563 | D:1      | Reached XP level 2. HP: 22/22 MP: 5/5
  1033 | D:2      | Reached XP level 3. HP: 15/27 MP: 6/6
  1463 | D:2      | Found an opulent altar of Gozag.
  2251 | D:2      | Reached XP level 4. HP: 17/35 MP: 7/7
  3070 | D:3      | Found a radiant altar of Vehumet.
  3505 | D:2      | Learned a level 2 spell: Slow
  3510 | D:2      | Learned a level 4 spell: Cause Fear
  3680 | D:2      | Reached XP level 5. HP: 25/41 MP: 9/9
  3719 | D:2      | Slain by an adder

Vault maps used:
D:1:      dpeg_arrival_lava_temple_mockup
D:2:      nicolae_gozag_cash_rules_everything_around_me, first_bread
D:3:      lemuel_crystal_altar, minmay_misc_feat_pillars,
          small_statue_intersection

Skill      XL: |  1  2  3  4 |
---------------+-------------+-----
Spellcasting   | 2 |  2.7
Throwing       | 3 |  3.5
Dodging        | 3 |  3.8
Fighting       | 2 3 |  3.1
Polearms       | 2 |  2.2
Hexes          | |  4.5

Action                   |  1- 3 |  4- 6 || total
-------------------------+-------+-------++-------
Melee: Unarmed           |     5 |       ||     5
       Spear             |   140 |    89 ||   229
       Bite              |     3 |     1 ||     4
Throw: Stone             |    27 |     3 ||    30
       Tomahawk          |    20 |       ||    20
       Javelin           |    13 |     9 ||    22
       Throwing net      |     1 |     1 ||     2
  Use: Potion            |     4 |     2 ||     6
       Scroll            |       |     4 ||     4
  Eat: Chunk             |     4 |     3 ||     7
       Bread ration      |       |     1 ||     1
Armor: Robe              |    23 |     7 ||    30
       Leather armour    |       |     1 ||     1
Dodge: Dodged            |    96 |    59 ||   155
